 Dungeon Crawl Stone Soup version 0.31-a0-925-g0a390f2509 (webtiles) character file.

Game seed: 7932310877916725979

1553370 Zvl3 the Slayer (level 25, 275/275 HPs)
             Began as a Minotaur Monk on Oct 9, 2023.
             Was the Champion of the Shining One.
             Escaped with the Orb
             ... and 3 runes on Oct 18, 2023!
             The game lasted 04:51:10 (78495 turns).

Zvl3 the Slayer (Minotaur Monk)                    Turns: 78495, Time: 04:51:11

Health: 275/275    AC: 40    Str: 24 (27) XL:     25   Next: 81%
Magic:  31/31      EV: 10    Int:  7      God:    the Shining One [******]
Gold:   5758       SH: 21    Dex: 10      Spells: 24/24 levels left

rFire   + + +        a - +8 mithril axe "Arga" {speed, Will+}
rCold   + + +        R - +2 kite shield {rC+}
rNeg    + + +        C - +6 gold dragon scales
rPois   +            (helmet unavailable)
rElec   +            A - +2 cloak {rCorr}
rCorr   +            m - +2 pair of gloves
SInv    .            z - +2 pair of boots {Stlth+}
Will    ++...        x - amulet of reflection Stlth
                     E - ring of Seputit {rF+ rN+}
HPRegen 0.65/turn    t - ring "Okkoecw" {rElec rF+ rC+ Slay+2 Stlth+}
MPRegen 0.22/turn

%: reflection
@: glowing
A: horns 3, retaliatory headbutt, clumsy 2, deterioration 2, fire resistance 1,
sense surroundings 1, robust 1, inability to read after injury 1
0: Orb of Zot
}: 3/15 runes: decaying, slimy, gossamer
a: Renounce Religion, Divine Shield, Cleansing Flame, Summon Divine Warrior


You escaped.
You worshipped the Shining One.
The Shining One was exalted by your worship.
You visited 11 branches of the dungeon, and saw 53 of its levels.
You visited 1 bazaar.
You also visited: Sewer and Volcano.

You collected 9599 gold pieces.
You spent 3841 gold pieces at shops.

Inventory:

Hand Weapons
 a - the +8 mithril axe "Arga" (weapon) {speed, Will+}
   (You found it on level 3 of the Elven Halls)

   Will+:     It increases your willpower.
 b - a +6 trishula of holy wrath
 D - a +1 hand cannon of electrocution
 Z - a +8 morningstar of freezing
Missiles
 J - 20 javelins (quivered)
 K - 2 throwing nets
Armour
 m - a +2 pair of gloves (worn)
 z - a +2 pair of boots of stealth (worn)
 A - a +2 cloak of preservation (worn)
 C - +6 gold dragon scales (worn)
 R - a +2 kite shield of cold resistance (worn)
Jewellery
 i - a +4 ring of slaying
 t - the ring "Okkoecw" (right hand) {rElec rF+ rC+ Slay+2 Stlth+}
   (You acquired it on level 2 of the Elven Halls)

   [ring of protection from fire]

   Slay+2:    It affects your accuracy & damage with ranged weapons and melee
   (+2).
   rF+:       It protects you from fire.
   rC+:       It protects you from cold.
   rElec:     It insulates you from electricity.
   Stlth+:    It makes you more stealthy.
 x - an amulet of reflection (around neck)
 B - a ring of willpower
 E - the ring of Seputit (left hand) {rF+ rN+}
   (You acquired it on level 2 of the Vaults)

   [ring of protection from fire]

   rF+:       It protects you from fire.
   rN+:       It protects you from negative energy.
Wands
 j - a wand of digging (31)
 v - a wand of light (11)
 L - a wand of paralysis (49)
 P - a wand of mindburst (33)
 T - a wand of roots (32)
Scrolls
 k - a scroll of immolation
 l - 4 scrolls of revelation
 p - 7 scrolls of teleportation
 w - 8 scrolls of poison
 F - 3 scrolls of fear
 O - 3 scrolls of blinking
 U - 11 scrolls of fog
Potions
 c - 9 potions of ambrosia
 f - 3 potions of haste
 h - 8 potions of brilliance
 n - a potion of magic
 o - 16 potions of curing
 q - 7 potions of enlightenment
 r - 6 potions of might
 s - 8 potions of lignification
 u - 3 potions of resistance
 I - 5 potions of cancellation
 X - a potion of berserk rage
 Y - 2 potions of heal wounds
Miscellaneous
 H - a lightning rod (4/4)
 V - a phantom mirror


   Skills:
 + Level 25.5 Fighting
 * Level 20.3(24.1) Axes
 - Level 19.8(23.1) Maces & Flails
 - Level 10.7(16.7) Polearms
 - Level 8.9 Ranged Weapons
 - Level 14.1 Throwing
 + Level 19.8 Armour
 - Level 18.3 Dodging
 + Level 18.2 Shields
 * Level 12.3 Invocations
 - Level 14.0 Evocations


You had 24 spell levels left.
You didn't know any spells.
Your spell library contained the following spells:

 Spells                   Type           Power      Damage    Failure   Level
 Apportation              Tloc           0%         N/A       100%        1
 Foxfire                  Conj/Fire      0%         2x1d4     100%        1
 Freeze                   Ice            0%         1d3       100%        1
 Necrotise                Necr           0%         1d4       100%        1
 Sandblast                Erth           0%         2d4       100%        1
 Shock                    Conj/Air       0%         1d3       100%        1
 Sting                    Tmut/Pois      0%         1d3       100%        1
 Summon Small Mammal      Summ           0%         N/A       100%        1
 Cigotuvi's Dreadful Rot  Necr/Pois/Air  0%         N/A       100%        2
 Ensorcelled Hibernation  Hex/Ice        0%         N/A       100%        2
 Passwall                 Tmut/Erth      0%         N/A       100%        2
 Poisonous Vapours        Pois/Air       0%         N/A       100%        2
 Static Discharge         Conj/Air       0%         2-2/arc   100%        2
 Sublimation of Blood     Necr           0%         N/A       100%        2
 Wereblood                Tmut           0%         N/A       100%        2
 Call Canine Familiar     Summ           0%         N/A       100%        3
 Frozen Ramparts          Ice            0%         1d1       100%        3
 Hailstorm                Conj/Ice       0%         3d3       100%        3
 Ignite Poison            Fire/Tmut/Pois 0%         N/A       100%        3
 Inner Flame              Hex/Fire       0%         N/A       100%        3
 Mephitic Cloud           Conj/Pois/Air  0%         N/A       100%        3
 Ozocubu's Armour         Ice            0%         N/A       100%        3
 Sigil of Binding         Hex            0%         N/A       100%        3
 Stone Arrow              Conj/Erth      0%         3d7       100%        3
 Summon Guardian Golem    Hex/Summ       0%         N/A       100%        3
 Swiftness                Air            0%         N/A       100%        3
 Tukima's Dance           Hex            0%         N/A       100%        3
 Volatile Blastmotes      Fire/Tloc      0%         2d10      100%        3
 Airstrike                Air            0%         2d(0-16)  100%        4
 Anguish                  Hex/Necr       0%         N/A       100%        4
 Animate Armour           Summ/Erth      0%         N/A       100%        4
 Brom's Barrelling Bould  Conj/Erth      0%         2d3       100%        4
 Dimensional Bullseye     Hex/Tloc       0%         N/A       100%        4
 Flame Wave               Conj/Fire      0%         2d4       100%        4
 Fulminant Prism          Conj/Hex       0%         3d5       100%        4
 Iskenderun's Mystic Bla  Conj/Tloc      0%         2d3       100%        4
 Olgreb's Toxic Radiance  Pois           0%         N/A       100%        4
 Passage of Golubria      Tloc           0%         N/A       100%        4
 Petrify                  Tmut/Erth      0%         N/A       100%        4
 Sticky Flame             Conj/Fire      0%         2d3       100%        4
 Summon Ice Beast         Ice/Summ       0%         N/A       100%        4
 Summon Lightning Spire   Summ/Air       0%         N/A       100%        4
 Fireball                 Conj/Fire      0%         3d3       100%        5
 Freezing Cloud           Conj/Ice/Air   0%         6-21      100%        5
 Irradiate                Conj/Tmut      0%         3d11      100%        5
 Lee's Rapid Deconstruct  Erth           0%         3d4*      100%        5
 Metabolic Englaciation   Hex/Ice        0%         N/A       100%        5
 Silence                  Hex/Air        0%         N/A       100%        5
 Summon Forest            Summ/Tloc      0%         N/A       100%        5
 Summon Mana Viper        Hex/Summ       0%         N/A       100%        5
 Eringya's Noxious Bog    Tmut/Pois      0%         4d6       100%        6
 Simulacrum               Ice/Necr       0%         N/A       100%        6
 Summon Cactus Giant      Summ           0%         N/A       100%        6
 Haunt                    Necr/Summ      0%         N/A       100%        7
 Orb of Destruction       Conj           0%         9d5       100%        7
 Ozocubu's Refrigeration  Ice            0%         4d7       100%        7
 Spellforged Servitor     Conj/Summ      0%         N/A       100%        7
 Summon Hydra             Summ           0%         N/A       100%        7
 Infestation              Necr           0%         N/A       100%        8
 Lehudib's Crystal Spear  Conj/Erth      0%         10d2      100%        8
 Dragon's Call            Summ           0%         N/A       100%        9
 Polar Vortex             Ice            0%         N/A       100%        9


Dungeon Overview and Level Annotations

Branches:
Dungeon (15/15)            Temple (0/1) D:7            Lair (5/5) D:9
  Swamp (4/4) Lair:2       Spider (4/4) Lair:3        Slime (5/5) Lair:5
    Orc (2/2) D:10            Elf (3/3) Orc:2        Vaults (5/5) D:13
  Crypt (1/3) Vaults:2     Depths (4/4) D:15            Zot (5/5) Depths:4
  Sewer (visited)         Volcano (visited)

Altars:
Ashenzari
Elyvilon
Hepliaklqana
Okawaru
Qazlal
Ru
Sif Muna
The Shining One
Jiyva
Lugonu

Shops:
D:5 :*(*[   D:8 *   D:12 =   D:14 ((*   Orc:2 :!*(   Elf:1 *   Elf:2 [
Elf:3 !*!   Vaults:2 *   Vaults:3 *

Portals:
Hell: Depths:1 Depths:2 Depths:3 Depths:4
Abyss: Depths:1 Depths:2 Depths:3
Pandemonium: Depths:2 Depths:4
Ziggurat: Depths:2
Trove: Depths:3 (give +3 storm dragon scales)

Annotations:
Lair:4 2 transporters, exclusions: ice statue and oklob plant, Ducw's ghost, journeyman DsFE
Swamp:2 2 transporters, exclusion: orange crystal statue
Elf:2 3 runed translucent doors
Vaults:4 exclusion: downstairs


Innate Abilities, Weirdness & Mutations

You have a pair of large horns on your head.
You reflexively headbutt those who attack you in melee.
You are very clumsy. (Dex -4)
Your body often deteriorates upon taking damage.
Your flesh is heat resistant. (rF+)
You passively map a small area around you.
You are robust. (+10% HP)
You occasionally lose the ability to read scrolls when taking damage.


Message History

You block the Orb Guardian's attack.
You slash the Orb Guardian! You headbutt the Orb Guardian!
The Orb Guardian is severely wounded.
You block the Orb Guardian's attack.
You hit the Orb Guardian but do no damage.
The Orb Guardian is severely wounded.
You hit the Orb Guardian. You headbutt the Orb Guardian.
The Orb Guardian is almost dead.
The Orb Guardian hits you but does no damage.
You hit the Orb Guardian but do no damage.
Your headbutt misses the Orb Guardian.
The Orb Guardian is almost dead.
The Orb Guardian hits you but does no damage.
You open the Orb Guardian like a pillowcase!!!
You kill the Orb Guardian!
You feel your intelligence returning.
You see here a +0 club.
Things that are here:
a +0 whip; a +0 halberd 3 sun demons come into view.
The sun demon shouts!
The sun demon moves out of view.
Aiming: Dig
Press: ? - help, Shift-Dir - straight line You can't see that place.
The rock shatters into small pieces.
There is a stone staircase leading up here.
You climb upwards.
There is a stone staircase leading down here.
There is an open door here.
There is an open door here.
You see here a +0 club.
There is a stone staircase leading up here.
You climb upwards.
There is a stone staircase leading down here.
There is an open door here.
There is an open door here.
There is a staircase leading out of the dungeon here.
There is a staircase leading out of the dungeon here.
You have escaped!

###.......##....### #.#.[.#.#....
#................####.#>.........
..........................#.##.##
#.#.###.#.##.....#####.#..#.##.##
..#.# #..........# #...#..#.##.##
....# #.#..##....###'###..#......
....# #..........#..##....#......
....# #....##..###'#+#..#..(.....
##..# #....#####@..#.........#.##
....###....# ###+#'##...##.#.##
...........# #..###.#........
....##..#+##########'#..#......#.
##.................#...##......#.
........####.############......#.
...####.# #.# #........ .#.# #.#
#.#### #........
.#.####.####....# #........


There were no monsters in sight!

Vanquished Creatures
  the Royal Jelly (Slime:5)
  Dissolution (Slime:5)
  5 orbs of fire
  3 dread liches
  Mara (Depths:1)
  A shard shrike (Zot:2)
  Parghit (Zot:2)
  7 Killer Klowns
  2 curse toes
  the Lernaean hydra (Swamp:4)
  Xtahua (Crypt:1)
  12 golden dragons
  2 bone dragons
  25 Orb Guardians
  18 tentacled monstrosities
  2 electric golems (Zot:5)
  A lich (Depths:2)
  Rupert (D:14)
  2 titans
  20 acid blobs
  2 deep elf blademasters (Elf:3)
  2 deep elf master archers (Elf:3)
  A quicksilver dragon (Zot:4)
  An ancient champion (Crypt:1)
  An Executioner (D:4)
  4 sphinxes
  Gastronok (D:11)
  14 death cobs
  Aizul (Spider:2)
  6 shadow dragons
  4 tengu reavers
  15 storm dragons
  3 thorn hunters
  5 draconian monks
  Donald (Spider:2)
  A revenant (Vaults:1)
  12 rockslimes
  7 fire giants
  An iron dragon (Depths:3)
  9 azure jellies
  5 deep elf sorcerers
  7 frost giants
  Louise (Swamp:2)
  5 vault wardens
  5 draconian knights
  4 ghost moths
  3 emperor scorpions
  5 draconian stormcallers
  7 draconian scorchers
  4 deep elf elementalists
  6 draconian shifters
  A ghoul (Crypt:1)
  14 ironbound preservers
  An orc warlord (Vaults:2)
  4 draconian annihilators
  9 formless jellyfish
  A spriggan defender (Depths:2)
  8 quicksilver oozes
  A reaper (Depths:4)
  8 stone giants
  5 ironbound thunderhulks
  6 broodmothers
  14 green draconians
  4 vampire knights
  17 very ugly things
  An eleionoma (Swamp:3)
  5 deep elf annihilators (Elf:3)
  5 bunyips
  6 deep elf demonologists (Elf:3)
  10 black draconians
  10 dire elephants
  12 white draconians
  13 red draconians
  9 purple draconians
  10 yellow draconians
  9 spark wasps
  6 ettins
  4 fire dragons
  A merfolk javelineer (Depths:2)
  A deep elf high priest (Elf:3)
  A green death (Zot:3)
  An eidolon (Vaults:2)
  8 deep elf death magi
  5 yaktaur captains
  An acid blob zombie (Crypt:1)
  A merfolk impaler (Orc:2)
  2 hell beasts (Depths:3)
  6 entropy weavers
  8 ice dragons
  3 vault guards
  2 peacekeepers
  Erolcha (D:8)
  A shambling mangrove (Swamp:3)
  3 spriggan air magi
  A catoblepas (Lair:5)
  11 great orbs of eyes
  17 hydras
  3 ogre magi
  A jorogumo (Spider:3)
  A ghost crab (Swamp:1)
  7 ironbound frosthearts
  15 two-headed ogres
  5 radroaches
  5 boulder beetles
  11 deep troll shamans
  17 dancing weapons
  3 death knights
  10 centaur warriors
  10 alligators
  The ghost of Dano1871 the Covered, a journeyman TeFi of Qazlal (Orc:2)
  6 death yaks
  4 deep troll earth magi
  5 tengu warriors
  A sun demon (Depths:4)
  9 demonic crawlers
  A spectral dire elephant (Lair:5)
  A soul eater (Crypt:1)
  Urug (Lair:4)
  7 spriggan berserkers
  6 hell knights
  3 goliath frogs
  2 deep elf knights (Elf:1)
  A spectral anaconda (Lair:5)
  2 sixfirhies (Depths:4)
  10 pharaoh ants
  A deep troll (shapeshifter) (Vaults:1)
  5 iron trolls
  An elf simulacrum (Crypt:1)
  A salamander mystic (Volcano)
  11 orb spiders
  14 skeletal warriors
  2 death drakes
  60 deep trolls
  A flayed ghost (Crypt:1)
  2 bog bodies
  10 swamp dragons
  10 deep elf archers
  6 spriggan druids
  6 steelbarb worms
  5 ironbound convokers
  9 orc knights
  8 occultists
  3 glowing orange brains
  An anaconda skeleton (Crypt:1)
  5 lindwurms
  An orange crystal statue (D:9)
  20 deep elf zephyrmancers
  Pikel (D:7)
  33 ugly things
  5 necromancers
  14 harpies
  4 salamanders (Volcano)
  4 cyclopes
  25 deep elf pyromancers
  27 wolf spiders
  3 phantasmal warriors (Crypt:1)
  3 manticores
  An orc sorcerer (Elf:2)
  3 will-o-the-wisps
  3 shining eyes
  20 moths of wrath
  3 dire elephant zombies
  Maurice (D:9)
  9 vault sentinels
  8 elephants (Lair:5)
  A smoke demon (Depths:2)
  3 eyes of devastation
  4 torpor snails
  A centaur skeleton (Crypt:1)
  A rust devil (D:15)
  17 cane toads
  8 black mambas
  2 molten gargoyles (Volcano)
  A hellion (D:8)
  Maggie (D:7)
  2 rime drakes (Lair:3)
  4 freezing wraiths
  A redback zombie (Crypt:1)
  7 komodo dragons
  2 kobold demonologists (D:12)
  3 tengu conjurers
  An efreet (D:13)
  8 yaktaurs
  A yaktaur (shapeshifter) (Vaults:1)
  A red devil (Depths:4)
  A polar bear (Lair:2)
  A meliai (shapeshifter) (Elf:3)
  A large abomination (D:4)
  6 meliai
  7 tyrant leeches
  3 blink frogs (Lair:2)
  15 trolls
  21 tarantellas
  A tarantella (shapeshifter) (Vaults:1)
  7 dream sheep (Lair:2)
  12 hornets
  An ice dragon zombie (Crypt:1)
  15 water elementals
  An air elemental (Elf:3)
  A centaur simulacrum (D:14)
  35 jumping spiders
  5 spriggans
  4 flying skulls (Crypt:1)
  5 wraiths
  A black mamba zombie (Crypt:1)
  A culicivora (shapeshifter) (Vaults:1)
  127 slime creatures
  3 shadows
  27 culicivoras
  7 wyverns
  2 fire bats (Volcano)
  72 yaks
  Grum (D:8)
  2 vampires
  4 fire elementals
  6 basilisks
  4 steam dragons
  3 hogs (Swamp:2)
  3 golden eyes (Slime:4)
  A redback simulacrum (D:14)
  9 vampire mosquitoes
  59 redbacks
  A death yak simulacrum (Lair:5)
  A fire bat zombie (Crypt:1)
  3 wargs
  3 acid dragons
  16 swamp worms
  A floating eye (shapeshifter) (Depths:3)
  2 hell hounds (Orc:1)
  2 hydra simulacra (Zot:2)
  23 water moccasins
  A sky beast (D:8)
  2 deep troll skeletons (Crypt:1)
  A floating eye (Spider:2)
  2 black bears
  16 orc warriors
  4 swamp drakes (Swamp:4)
  3 ice beasts
  A sky beast (shapeshifter) (Vaults:1)
  20 wolves
  2 boggarts
  22 ogres
  3 centaurs
  A lemure (D:7)
  2 phantoms (D:4)
  5 kobold brigands
  3 earth elementals
  13 bullfrogs
  A necrophage (Crypt:1)
  3 scorpions
  A cane toad simulacrum (Lair:5)
  A gnoll sergeant (D:9)
  17 wights
  2 elephant simulacra (Lair:5)
  2 howler monkeys (D:9)
  An electric eel (Spider:4)
  2 lava snakes (Volcano)
  12 orc priests
  A jelly (D:5)
  5 iguanas
  19 orc wizards
  6 gnolls
  13 adders
  4 river rats
  3 white imps
  An ufetubus (D:5)
  A dart slug (D:3)
  2 worms (D:3)
  73 orcs
  A bat skeleton (Crypt:1)
  4 endoplasms
  5 giant cockroaches
  12 hobgoblins
  6 jackals
  3 quokkas
  13 ball pythons
  A ball python skeleton (Crypt:1)
  5 bats
  3 frilled lizards
  11 goblins
  21 kobolds
  A kobold zombie (Crypt:1)
  20 rats
  3 spectral weapons (Zot:5)
1989 creatures vanquished.

Vanquished Creatures (collateral kills)
  Jory (Vaults:2)
  Zenata (Vaults:1)
  A tentacled monstrosity (Vaults:3)
  Mlioglotl (Swamp:1)
  An Ice Fiend (D:12)
  An Executioner (D:12)
  A sphinx (Depths:3)
  Frances (Swamp:2)
  Kirke (Swamp:2)
  Roxanne (D:14)
  3 emperor scorpions (Spider:4)
  A draconian scorcher (Zot:2)
  4 ghost moths
  A quicksilver ooze (Slime:5)
  3 ironbound preservers (Vaults:4)
  2 ironbound thunderhulks
  2 very ugly things (Depths:1)
  3 eleionomae (Swamp:4)
  2 bunyips (Swamp:2)
  A purple draconian (Zot:2)
  3 dire elephants (Vaults:4)
  2 ettins (Depths:1)
  A great orb of eyes (Vaults:3)
  2 entropy weavers
  A yaktaur captain (Vaults:4)
  3 hydras
  3 alligators
  A jorogumo (Spider:3)
  An ironbound frostheart (Vaults:2)
  A death knight (D:13)
  A dancing weapon (D:13)
  A demonic crawler (Spider:4)
  A vampire mage (Vaults:2)
  A deep elf knight (Elf:1)
  A pharaoh ant (Spider:3)
  2 spriggan druids
  An orb spider (Spider:3)
  7 deep trolls (Vaults:4)
  An obsidian statue (Lair:5)
  2 goliath frogs (Swamp:4)
  2 deep elf zephyrmancers (Elf:1)
  5 ironbound convokers
  3 deep elf pyromancers (Elf:1)
  2 harpies (Vaults:2)
  4 ugly things
  A black mamba (shapeshifter) (Elf:1)
  2 vault sentinels
  2 freezing wraiths
  A tengu conjurer (Depths:3)
  A troll (Orc:2)
  A meliai (Spider:3)
  2 hornets (Spider:4)
  A tyrant leech (Swamp:1)
  2 tarantellas (Spider:4)
  7 slime creatures
  3 jumping spiders
  2 wraiths (D:13)
  A shadow (D:13)
  A water elemental (Elf:1)
  A fire elemental (Elf:1)
  3 redbacks
  2 swamp worms
  A large abomination (D:12)
  A floating eye (Depths:3)
  2 swamp drakes (Swamp:4)
  4 ogres (Orc:2)
125 creatures vanquished.

Vanquished Creatures (others)
  A golden dragon (Zot:4)
  A red draconian (Zot:3)
  An orb spider (Spider:2)
  A deep elf pyromancer (Elf:1)
  A bloated husk (Swamp:1)
  A tarantella (Spider:3)
  A culicivora (Spider:3)
  A swamp worm (Swamp:4)
  8 foxfires
  2 starspawn tentacles (Swamp:1)
18 creatures vanquished.

Grand Total: 2132 creatures vanquished

Notes
Turn   | Place    | Note
-------+----------+-------------------------------------------
     0 | D:1      | Zvl3 the Minotaur Monk began the quest for the Orb.
     0 | D:1      | Reached XP level 1. HP: 19/19 MP: 0/0
   102 | D:1      | Reached XP level 2. HP: 27/27 MP: 1/1
   159 | D:1      | Reached skill level 4 in Fighting
   457 | D:1      | Reached XP level 3. HP: 33/33 MP: 2/2
   882 | D:2      | Identified the +1 short sword of Pewno {protect, Fly rC++
                  | rN+ Str-5}
   936 | D:2      | Found a faded altar of an unknown god.
  1305 | D:2      | You fall into a shaft and drop 2 floors!
  1476 | D:3      | Reached XP level 4. HP: 38/41 MP: 3/3
  1555 | D:3      | Found a glowing drain.
  1561 | Sewer    | Entered a sewer
  1600 | Sewer    | Reached skill level 5 in Fighting
  1647 | Sewer    | Reached XP level 5. HP: 38/48 MP: 4/4
  1684 | Sewer    | Reached skill level 5 in Maces & Flails
  1979 | Sewer    | Reached skill level 5 in Dodging
  1979 | Sewer    | Reached XP level 6. HP: 49/56 MP: 5/5
  2362 | D:3      | Reached skill level 6 in Fighting
  3056 | D:4      | Identified the +3 leather armour of Ruggemis {Drain rF+ rC+
                  | Dex+7}
  3104 | D:4      | Got an unusual book
  3138 | D:4      | Reached XP level 7. HP: 64/64 MP: 6/6
  3171 | D:4      | Identified the +7 whip "Eviscerator" {venom, rF+ Str-3
                  | Dex+2}
  3570 | D:5      | Entered Level 5 of the Dungeon
  3577 | D:5      | Found Cenusch's General Store.
  3610 | D:5      | Bought a scroll of blinking for 75 gold pieces
  3671 | D:5      | Reached skill level 7 in Fighting
  3676 | D:5      | Found Vinagr Orux's Weapon Boutique.
  3708 | D:5      | Found Ocipuq's Book Emporium.
  3867 | D:5      | Found Wycwue Ylano's General Store.
  3932 | D:5      | Reached XP level 8. HP: 72/73 MP: 7/7
  3936 | D:5      | Found Zosejuid's Antique Armour Emporium.
  3961 | D:5      | Bought a pair of heavily runed gloves for 218 gold pieces
  3961 | D:5      | Identified the +0 pair of gloves "Nunazys" {Fly rF+ rC-}
                  | (You bought it in a shop on level 5 of the Dungeon)
  4085 | D:5      | Found a glowing golden altar of the Shining One.
  4093 | D:5      | Became a worshipper of the Shining One
  4093 | D:5      | Reached * piety under the Shining One
  4093 | D:5      | Reached ** piety under the Shining One
  4271 | D:6      | Found a hazy altar of Hepliaklqana.
  4329 | D:6      | Reached skill level 8 in Fighting
  4492 | D:6      | Identified the +0 chain mail of Midsummer {rCorr}
  5306 | D:7      | Found a staircase to the Ecumenical Temple.
  5379 | D:7      | Noticed Maggie
  5388 | D:7      | Killed Maggie
  5428 | D:7      | Noticed Pikel
  5446 | D:7      | Killed Pikel
  5447 | D:7      | Reached skill level 9 in Fighting
  5447 | D:7      | Reached XP level 9. HP: 75/83 MP: 8/8
  5725 | D:7      | Reached skill level 10 in Fighting
  5996 | D:8      | Was placed under penance by the Shining One
  6144 | D:8      | Found a sacrificial altar of Ru.
  6158 | D:8      | Reached skill level 10 in Maces & Flails
  6172 | D:8      | Identified a scroll of acquirement
  6268 | D:8      | Found Doeghael's Hallowed Reliquary.
  6270 | D:8      | Noticed an angel
  6300 | D:8      | Bought a potion of curing for 39 gold pieces
  6300 | D:8      | Bought a potion of curing for 39 gold pieces
  6300 | D:8      | Bought a potion of heal wounds for 65 gold pieces
  6339 | D:8      | Found a white marble altar of Elyvilon.
  6354 | D:8      | Reached XP level 10. HP: 68/94 MP: 9/9
  6367 | D:8      | Reached skill level 10 in Invocations
  6367 | D:8      | Reached XP level 11. HP: 78/101 MP: 9/17
  6368 | D:8      | Reached skill level 11 in Fighting
  6368 | D:8      | Reached skill level 10 in Dodging
  6368 | D:8      | Reached XP level 12. HP: 87/112 MP: 9/19
  6469 | D:8      | Identified the amulet "Mipna" {Faith *Corrode rN+ Str+2}
  6698 | D:8      | Noticed a boulder beetle
  6708 | D:8      | Killed a boulder beetle
  6709 | D:8      | Reached skill level 12 in Fighting
  6806 | D:8      | Noticed Grum
  6811 | D:8      | Killed Grum
  6974 | D:8      | Identified the +0 helmet of Feasting {Regen+ rCorr}
  7068 | D:9      | Was forgiven by the Shining One
  7068 | D:9      | Noticed Erolcha
  7185 | D:8      | Killed Erolcha
  7320 | D:9      | Reached *** piety under the Shining One
  8218 | D:9      | Found a staircase to the Lair.
  8306 | D:9      | Reached skill level 13 in Fighting
  8456 | D:9      | Acquired a +1 pair of boots of stealth
  8514 | D:9      | Noticed Maurice
  8532 | D:9      | Killed Maurice
  8704 | D:9      | Noticed a two-headed ogre
  8710 | D:9      | Killed a two-headed ogre
  8804 | D:10     | Entered Level 10 of the Dungeon
  8904 | D:10     | Found a broken altar of Ashenzari.
  8937 | D:10     | Reached **** piety under the Shining One
  8945 | D:10     | Noticed a two-headed ogre
  8955 | D:10     | Killed a two-headed ogre
  9090 | D:10     | Found a staircase to the Orcish Mines.
  9748 | D:11     | Noticed Gastronok
  9759 | D:11     | Killed Gastronok
  9934 | D:11     | Reached XP level 13. HP: 123/123 MP: 20/20
 10316 | D:11     | Reached skill level 14 in Fighting
 10363 | D:12     | Found Ora Denoc's Jewellery Shoppe.
 10631 | D:12     | Paralysed by an ogre mage for 4 turns
 11524 | D:12     | Paralysed by a centaur for 4 turns
 11621 | D:12     | Identified the +8 halberd "Efeiduy" {heavy, rF- rC+ rCorr
                  | Int+6}
 12204 | D:13     | Reached ***** piety under the Shining One
 12221 | D:13     | Reached skill level 15 in Fighting
 12355 | D:13     | Reached skill level 15 in Maces & Flails
 12360 | D:13     | Found a gate to the Vaults.
 12982 | D:14     | Noticed Rupert
 12992 | D:14     | Killed Rupert
 13062 | D:14     | Found Moycid's Weapon Shop.
 13219 | D:14     | Noticed Roxanne
 13246 | D:14     | Reached XP level 14. HP: 110/136 MP: 21/21
 13387 | D:14     | Identified the +0 leather armour of Action {rPois Str+3}
 13575 | D:14     | Found Hegil's Weapon Boutique.
 13633 | D:14     | Found Fotalofi's Assorted Antiques.
 13640 | D:14     | Bought a scroll of enchant armour for 217 gold pieces
 13640 | D:14     | Bought a scroll labelled VEMUSIARAO for 29 gold pieces
 13640 | D:14     | Bought a scroll labelled VEMUSIARAO for 29 gold pieces
 13694 | D:14     | Found a white marble altar of Elyvilon.
 14356 | Lair:1   | Entered Level 1 of the Lair of Beasts
 14420 | Lair:1   | Reached skill level 16 in Fighting
 15352 | Lair:2   | Found a staircase to the Swamp.
 15620 | Lair:2   | Reached skill level 15 in Dodging
 16258 | Lair:2   | Acquired 723 gold pieces
 16493 | Lair:3   | Found a hole to the Spider Nest.
 16847 | Lair:3   | Reached skill level 17 in Fighting
 16989 | Lair:3   | Identified the +7 war axe of Touguum {venom, Will+ Stlth+}
 17267 | Lair:4   | Found a transporter.
 17395 | Lair:4   | Reached skill level 1 in Axes
 17575 | Lair:4   | Noticed Urug
 17589 | Lair:4   | Killed Urug
 17743 | Lair:4   | Found a transporter.
 18074 | Lair:4   | Noticed Ducw's ghost (journeyman DsFE)
 18143 | Lair:5   | Entered Level 5 of the Lair of Beasts
 18233 | Lair:5   | Reached XP level 15. HP: 130/147 MP: 22/22
 18958 | Lair:5   | Found a runed translucent door.
 18994 | Lair:5   | Found a viscous altar of Jiyva.
 18995 | Lair:5   | Found a staircase to the Slime Pits.
 20100 | D:14     | Killed Roxanne
 20416 | Lair:5   | Reached skill level 5 in Axes
 20505 | Lair:5   | Identified the +0 scale mail of the Gate {rCorr}
 21197 | Orc:1    | Entered Level 1 of the Orcish Mines
 21227 | Orc:1    | Reached skill level 18 in Fighting
 21553 | Orc:1    | Found a dark tunnel.
 21562 | Volcano  | Entered a volcano
 21823 | Volcano  | Found a burning altar of Makhleb.
 21823 | Volcano  | Reached ****** piety under the Shining One
 22091 | Volcano  | Identified the +2 hat of the Devil's Advocate {rPois rF-
                  | Int+3 Stlth+}
 22653 | Orc:2    | Entered Level 2 of the Orcish Mines
 22654 | Orc:2    | Found a staircase to the Elven Halls.
 22702 | Orc:2    | Found Beurasig's Weapon Shop.
 22703 | Orc:2    | Identified a +5 trishula of holy wrath (a +3 demon trident
                  | blessed by the Shining One)
 22703 | Orc:2    | Received a gift from the Shining One
 22717 | Orc:2    | Found Qeri Nor's General Store.
 23262 | Orc:2    | Found Wehywkauf's Distillery.
 23269 | Orc:2    | Bought a scroll of enchant weapon for 97 gold pieces
 23324 | Orc:2    | Found Muagraox's Book Boutique.
 23530 | Orc:2    | Found a runed translucent gate.
 23531 | Orc:2    | Found a runed translucent gate.
 23531 | Orc:2    | Found a runed translucent gate.
 23593 | Orc:2    | Reached XP level 16. HP: 159/159 MP: 23/23
 23728 | Orc:2    | Found an iron altar of Okawaru.
 23728 | Orc:2    | Noticed Dano1871's ghost (journeyman TeFi)
 24604 | Orc:2    | Killed Dano1871's ghost
 25234 | D:15     | Entered Level 15 of the Dungeon
 25768 | D:15     | Found a staircase to the Depths.
 26510 | Swamp:1  | Entered Level 1 of the Swamp
 26518 | Swamp:1  | Reached skill level 19 in Fighting
 26940 | Swamp:1  | Noticed Mlioglotl
 26945 | Swamp:1  | Noticed a tentacled starspawn
 26952 | Swamp:1  | Killed Mlioglotl
 27846 | Swamp:2  | Noticed Frances
 27848 | Swamp:2  | Found a transporter.
 27852 | Swamp:2  | Noticed a thorn hunter
 27855 | Swamp:2  | Killed Frances
 27858 | Swamp:2  | Noticed Louise
 27869 | Swamp:2  | Killed Louise
 27908 | Swamp:2  | Noticed a thorn hunter
 27911 | Swamp:2  | Noticed a tentacled monstrosity
 27925 | Swamp:2  | Found a transporter.
 28421 | Swamp:2  | Noticed Kirke
 28461 | Swamp:2  | HP: 8/161 [barbs]
 28537 | Swamp:2  | Killed Kirke
 30014 | Swamp:3  | Noticed a thorn hunter
 30462 | Swamp:3  | Reached skill level 20 in Fighting
 30464 | Swamp:3  | Reached XP level 17. HP: 157/170 MP: 24/24
 31093 | Swamp:3  | Upgraded the game from 0.31-a0-859-g9dce7d3444 to
                  | 0.31-a0-876-gfe8ebadbca
 31771 | Swamp:3  | Noticed a tentacled monstrosity
 31773 | Swamp:3  | Upgraded the game from 0.31-a0-876-gfe8ebadbca to
                  | 0.31-a0-879-g1609e0ac53
 31782 | Swamp:3  | Killed a tentacled monstrosity
 31783 | Swamp:3  | Reached skill level 1 in Armour
 31854 | Swamp:3  | Noticed a tentacled monstrosity
 31869 | Swamp:3  | Killed a tentacled monstrosity
 31870 | Swamp:3  | Reached skill level 1 in Shields
 32076 | Swamp:3  | Reached skill level 1 in Evocations
 32161 | Swamp:3  | Identified the +1 helmet of the Eternal Void {rF+ Int+3}
 32243 | Swamp:4  | Entered Level 4 of the Swamp
 32245 | Swamp:4  | Identified the orb of the Midnight Sun {*channel, rElec
                  | SInv}
 32579 | Swamp:4  | Reached skill level 5 in Armour
 33008 | Swamp:4  | Noticed the 27-headed Lernaean hydra
 33444 | Spider:1 | Entered Level 1 of the Spider Nest
 33482 | Spider:1 | Reached skill level 5 in Shields
 34967 | Spider:2 | Reached skill level 5 in Evocations
 35266 | Spider:2 | Reached skill level 10 in Armour
 35380 | Spider:2 | Gained mutation: You have hidden genetic defects.
                  | [mutagenic glow]
 35382 | Spider:2 | Lost mutation: You have hidden genetic defects. [potion of
                  | mutation]
 35382 | Spider:2 | Gained mutation: You are frail. (-10% HP) [potion of
                  | mutation]
 35382 | Spider:2 | Gained mutation: Your muscles are strong. (Str +4, Int/Dex
                  | -1) [potion of mutation]
 35382 | Spider:2 | Gained mutation: You are somewhat resistant to further
                  | mutation. [potion of mutation]
 35423 | Spider:2 | Reached XP level 18. HP: 113/160 MP: 25/25
 35699 | Spider:2 | Noticed Donald
 35712 | Spider:2 | Killed Donald
 36094 | Spider:2 | Noticed Aizul
 36112 | Spider:2 | Killed Aizul
 36435 | Spider:3 | Acquired a manual of Throwing
 36470 | Spider:3 | Reached skill level 1 in Throwing
 36991 | Spider:3 | Upgraded the game from 0.31-a0-879-g1609e0ac53 to
                  | 0.31-a0-881-ge136f0c47a
 37461 | Spider:3 | Reached skill level 5 in Throwing
 37755 | Spider:4 | Entered Level 4 of the Spider Nest
 40424 | Swamp:4  | Killed the 27-headed Lernaean hydra
 40676 | Swamp:4  | Got a decaying rune of Zot
 41712 | Spider:4 | Lost mutation: You are frail. (-10% HP) [potion of
                  | mutation]
 41712 | Spider:4 | Lost mutation: Your muscles are strong. (Str +4, Int/Dex
                  | -1) [potion of mutation]
 41712 | Spider:4 | Lost mutation: You are somewhat resistant to further
                  | mutation. [potion of mutation]
 41712 | Spider:4 | Gained mutation: You sometimes lose your temper in combat.
                  | [potion of mutation]
 41712 | Spider:4 | Gained mutation: Your muscles are strong. (Str +4, Int/Dex
                  | -1) [potion of mutation]
 41713 | Spider:4 | Lost mutation: Your muscles are strong. (Str +4, Int/Dex
                  | -1) [potion of mutation]
 41713 | Spider:4 | Lost mutation: You sometimes lose your temper in combat.
                  | [potion of mutation]
 41713 | Spider:4 | Gained mutation: You passively map a small area around you.
                  | [potion of mutation]
 41713 | Spider:4 | Gained mutation: You have sharp toenails. [potion of
                  | mutation]
 41714 | Spider:4 | Lost mutation: You have sharp toenails. [potion of
                  | mutation]
 41714 | Spider:4 | Lost mutation: You passively map a small area around you.
                  | [potion of mutation]
 41714 | Spider:4 | Gained mutation: You are strong-willed. (Will+) [potion of
                  | mutation]
 41714 | Spider:4 | Gained mutation: You have large cloven feet. [potion of
                  | mutation]
 41714 | Spider:4 | Gained mutation: You are agile. (Dex +4, Str/Int -1)
                  | [potion of mutation]
 41714 | Spider:4 | Gained mutation: You are robust. (+10% HP) [potion of
                  | mutation]
 41758 | Spider:4 | Reached XP level 19. HP: 162/205 MP: 20/26
 41870 | Spider:4 | Got a gossamer rune of Zot
 42122 | Vaults:1 | Entered Level 1 of the Vaults
 42155 | Vaults:1 | Reached skill level 10 in Throwing
 42300 | Vaults:1 | Found a flickering gateway to a bazaar.
 42302 | Vaults:1 | Noticed Zenata
 42430 | Vaults:1 | Killed Zenata
 42496 | Bazaar   | Entered a bazaar
 42710 | Bazaar   | Found Wish's Armour Boutique.
 42715 | Bazaar   | Found Unnavo's Antique Weapon Emporium.
 42720 | Bazaar   | Found Epnopy's Antique Armour Boutique.
 42738 | Bazaar   | Found Dott's General Store.
 42742 | Bazaar   | Found Xusiowel's Distillery.
 42751 | Bazaar   | Bought a potion of curing for 33 gold pieces
 42751 | Bazaar   | Bought a potion of curing for 33 gold pieces
 42751 | Bazaar   | Bought a potion of heal wounds for 55 gold pieces
 42751 | Bazaar   | Bought a potion of might for 44 gold pieces
 42759 | Bazaar   | Bought a wand of light (6) for 277 gold pieces
 42759 | Bazaar   | Bought a lightning rod (4/4) for 440 gold pieces
 42759 | Bazaar   | Bought a scroll of enchant weapon for 82 gold pieces
 43004 | Vaults:1 | Reached skill level 10 in Shields
 43435 | Vaults:1 | Reached skill level 21 in Fighting
 44496 | Vaults:2 | Found a staircase to the Crypt.
 44656 | Vaults:2 | Noticed Jory
 44674 | Vaults:2 | Killed Jory
 45151 | Vaults:2 | Acquired the ring of Seputit {rF+ rN+}
 45638 | Vaults:2 | Reached skill level 1 in Polearms
 47010 | Vaults:2 | Found Naecrur's General Store.
 47022 | Vaults:2 | Bought a potion of might for 56 gold pieces
 47022 | Vaults:2 | Bought a scroll of fear for 56 gold pieces
 47022 | Vaults:2 | Bought a scroll of teleportation for 42 gold pieces
 47540 | Vaults:3 | Found Fyvakleo's General Store.
 47549 | Vaults:3 | Bought 2 potions of haste for 300 gold pieces
 47549 | Vaults:3 | Bought a scroll of fear for 60 gold pieces
 47549 | Vaults:3 | Bought a phantom mirror for 600 gold pieces
 47884 | Vaults:3 | Reached XP level 20. HP: 201/217 MP: 27/27
 48619 | Vaults:3 | Reached skill level 5 in Polearms
 50458 | Vaults:4 | Paralysed by a formless jellyfish for 1 turns
 51291 | Vaults:5 | Entered Level 5 of the Vaults
 51610 | Elf:1    | Entered Level 1 of the Elven Halls
 51706 | Elf:1    | Reached skill level 22 in Fighting
 51706 | Elf:1    | Reached skill level 1 in Ranged Weapons
 52057 | Elf:1    | Upgraded the game from 0.31-a0-881-ge136f0c47a to
                  | 0.31-a0-889-g1a8549509d
 52078 | Elf:1    | Got a resplendent book
 52330 | Elf:1    | Reached XP level 21. HP: 190/227 MP: 28/28
 52493 | Elf:1    | Found Qukkigihy's Assorted Antiques.
 52501 | Elf:1    | Bought a wand of flame (14) for 333 gold pieces
 52501 | Elf:1    | Bought a scroll of teleportation for 102 gold pieces
 53220 | Elf:2    | Found Ekiwnem's Armour Shop.
 53437 | Elf:2    | Found a runed translucent gate.
 53437 | Elf:2    | Found a runed translucent gate.
 53443 | Elf:2    | Found a runed translucent gate.
 53691 | Elf:3    | Identified the "Aghadiff"
 53691 | Elf:3    | Identified the "Kerillye"
 53691 | Elf:3    | Entered Level 3 of the Elven Halls
 53727 | Elf:3    | Reached skill level 10 in Polearms
 53838 | Elf:3    | Found Ojavih's Distillery.
 53840 | Elf:3    | Found Qimenuts's Assorted Antiques.
 53842 | Elf:3    | Found Jyte's Distillery.
 53850 | Elf:3    | Bought a potion of berserk rage for 85 gold pieces
 53850 | Elf:3    | Bought a potion of mutation for 136 gold pieces
 53850 | Elf:3    | Bought a potion of heal wounds for 85 gold pieces
 53942 | Elf:3    | Found the +8 mithril axe "Arga" {speed, Will+}
 54069 | Elf:3    | Reached skill level 10 in Evocations
 55072 | Elf:3    | Identified the +4 long sword "Zvl3's Curse" {flame, rElec
                  | rN+ Dex-4}
 55072 | Elf:3    | Identified the ring of Ignis's Condemnation {rN+ rCorr}
 55096 | Elf:3    | Reached skill level 15 in Armour
 55308 | Elf:3    | Identified the staff "Xuypt" {rN+ Int+3 Necro}
 55309 | Elf:3    | Identified the +4 orcbow of the Apocalypse {drain, rCorr}
 55313 | Elf:3    | Identified the +9 sling of Cutueh {antimagic, rN+ Int+4}
 55321 | Elf:3    | Identified the +6 sling of Valiance {freeze, *Slow rElec
                  | rF- Str+4}
 55650 | Depths:1 | Entered Level 1 of the Depths
 55680 | Depths:1 | Found a one-way gate to the infinite horrors of the Abyss.
 55895 | Elf:2    | Bought a +1 kite shield of cold resistance for 214 gold
                  | pieces
 55905 | Elf:2    | Acquired the ring "Okkoecw" {rElec rF+ rC+ Slay+2 Stlth+}
 56192 | Depths:1 | Reached skill level 5 in Ranged Weapons
 56640 | Depths:1 | Noticed Mara
 56651 | Depths:1 | Found a gateway to Hell.
 56667 | Depths:1 | Noticed Zvl3's illusion
 56933 | Depths:1 | Found a stormy altar of Qazlal.
 56941 | Depths:1 | Killed Mara
 57447 | Depths:2 | Reached skill level 10 in Axes
 57714 | Depths:2 | Found a one-way gateway to a ziggurat.
 57753 | Depths:2 | Found a one-way gate leading to the halls of Pandemonium.
 57921 | Depths:2 | Reached XP level 22. HP: 185/238 MP: 29/29
 59031 | Depths:3 | Noticed a golden dragon
 59048 | Depths:3 | Killed a golden dragon
 59060 | Depths:3 | Reached skill level 23 in Fighting
 59500 | Depths:3 | Found a portal to a secret trove of treasure.
 59996 | Depths:3 | Noticed a golden dragon
 60033 | Depths:3 | Killed a golden dragon
 60443 | Depths:3 | Found a corrupted altar of Lugonu.
 60894 | Depths:4 | Entered Level 4 of the Depths
 60993 | Depths:4 | Noticed a golden dragon
 61007 | Depths:4 | Killed a golden dragon
 61022 | Depths:4 | Noticed a golden dragon
 61033 | Depths:4 | Killed a golden dragon
 61034 | Depths:4 | Noticed a golden dragon
 61040 | Depths:4 | Killed a golden dragon
 61079 | Depths:4 | Upgraded the game from 0.31-a0-889-g1a8549509d to
                  | 0.31-a0-920-g28cbb04a8c
 61683 | Depths:4 | Found a gate to the Realm of Zot.
 61750 | Depths:4 | Found a shimmering blue altar of Sif Muna.
 62900 | Crypt:1  | Entered Level 1 of the Crypt
 63031 | Crypt:1  | Reached XP level 23. HP: 249/249 MP: 30/30
 63128 | Crypt:1  | Noticed Xtahua
 63349 | Crypt:1  | Killed Xtahua
 63649 | Crypt:1  | Reached skill level 15 in Shields
 64506 | Slime:1  | Entered Level 1 of the Pits of Slime
 64943 | Slime:2  | Paralysed by a formless jellyfish for 1 turns
 65069 | Slime:2  | Gained mutation: You have hidden genetic defects. [a
                  | shining eye]
 65071 | Slime:2  | Gained mutation: You are vulnerable to cold. (rC-) [a
                  | shining eye]
 65073 | Slime:2  | Gained mutation: Your body sometimes deteriorates upon
                  | taking damage. [a shining eye]
 66161 | Slime:5  | Identified the of Ceuh
 66161 | Slime:5  | Identified the "Dupus"
 66161 | Slime:5  | Identified the "Zekabom"
 66161 | Slime:5  | Entered Level 5 of the Pits of Slime
 66449 | Slime:5  | Lost mutation: You are agile. (Dex +4, Str/Int -1) [hidden
                  | defects]
 66960 | Slime:5  | Reached skill level 15 in Axes
 67336 | Slime:5  | Noticed Dissolution
 67347 | Slime:5  | Paralysed by a floating eye for 4 turns
 67357 | Slime:5  | Paralysed by a floating eye for 3 turns
 67366 | Slime:5  | Paralysed by a floating eye for 4 turns
 67559 | Slime:5  | Killed Dissolution
 67693 | Slime:5  | Lost mutation: You have large cloven feet. [potion of
                  | mutation]
 67693 | Slime:5  | Lost mutation: You have hidden genetic defects. [potion of
                  | mutation]
 67693 | Slime:5  | Lost mutation: You are vulnerable to cold. (rC-) [potion of
                  | mutation]
 67754 | Slime:5  | Noticed the Royal Jelly
 67880 | Slime:5  | Killed the Royal Jelly
 68018 | Slime:5  | Identified the staff of Gluttony {rPois rC- Int+2 Conj}
 68055 | Slime:5  | Identified the +2 orcbow of Ambiguity {freeze, rC- rN++
                  | MP+9 Int+3}
 68069 | Slime:5  | Identified the +8 shortbow of Vodka {drain, Fly rF- rCorr}
 68110 | Slime:5  | Identified the +0 robe "Cyuri" {SInv}
 68122 | Slime:5  | Identified the +0 robe "Rosixt" {Drain rCorr Int+5 Stlth+}
 68128 | Slime:5  | Got a slimy rune of Zot
 68568 | Zot:1    | Entered Level 1 of the Realm of Zot
 68613 | Zot:1    | Reached skill level 24 in Fighting
 68917 | Zot:1    | You fall into a shaft and drop 1 floor!
 68919 | Zot:2    | Upgraded the game from 0.31-a0-920-g28cbb04a8c to
                  | 0.31-a0-925-g0a390f2509
 68960 | Zot:2    | Noticed a dread lich
 68962 | Zot:2    | Noticed a Killer Klown
 68968 | Zot:2    | Noticed a Killer Klown
 68971 | Zot:2    | Killed a dread lich
 68987 | Zot:2    | Killed a Killer Klown
 69027 | Zot:1    | Reached XP level 24. HP: 259/261 MP: 30/30
 69194 | Zot:1    | Noticed an orb of fire
 69194 | Zot:1    | Noticed an orb of fire
 69209 | Zot:1    | Lost mutation: You are robust. (+10% HP) [an orb of fire]
 69210 | Zot:1    | Gained mutation: You occasionally lose the ability to read
                  | scrolls when taking damage. [an orb of fire]
 69210 | Zot:1    | Gained mutation: You have an increased reservoir of magic.
                  | (+10% MP) [an orb of fire]
 69214 | Zot:1    | HP: 3/238 [orb of fire/fireball (34)]
 69216 | Zot:1    | The Shining One protects you from harm!
 69604 | Zot:1    | Lost mutation: You occasionally lose the ability to read
                  | scrolls when taking damage. [potion of mutation]
 69604 | Zot:1    | Lost mutation: You have an increased reservoir of magic.
                  | (+10% MP) [potion of mutation]
 69604 | Zot:1    | Lost mutation: You are strong-willed. (Will+) [potion of
                  | mutation]
 69604 | Zot:1    | Gained mutation: Your flesh is heat resistant. (rF+)
                  | [potion of mutation]
 69604 | Zot:1    | Gained mutation: You have a pair of large horns on your
                  | head. [potion of mutation]
 69604 | Zot:1    | Gained mutation: You passively map a small area around you.
                  | [potion of mutation]
 69874 | Zot:1    | Gained mutation: You are robust. (+10% HP) [an orb of fire]
 69882 | Zot:1    | Killed an orb of fire
 70372 | Zot:1    | Killed an orb of fire
 71604 | Zot:2    | Killed a Killer Klown
 71710 | Zot:2    | Noticed Parghit
 71723 | Zot:2    | Killed Parghit
 72315 | Zot:2    | Noticed an orb of fire
 72390 | Zot:2    | Noticed a shard shrike
 72408 | Zot:2    | Killed an orb of fire
 72442 | Zot:2    | Killed a shard shrike
 73021 | Zot:3    | Identified the +3 leather armour of Heresy {+Blink rElec
                  | Will++ Dex-2}
 73400 | Zot:3    | Identified the +1 great sword of the Transmuting Gods
                  | {freeze, rPois rF++ Int+4}
 73573 | Zot:3    | Identified the scarf "Powet" {repulsion, Dex+3}
 74374 | Zot:4    | Reached XP level 25. HP: 251/272 MP: 11/30
 75185 | Zot:5    | Entered Level 5 of the Realm of Zot
 75292 | Zot:5    | Reached skill level 25 in Fighting
 75768 | Zot:5    | Noticed a dread lich
 75795 | Zot:5    | Killed a dread lich
 75899 | Zot:5    | Noticed a Killer Klown
 75928 | Zot:5    | Killed a Killer Klown
 76989 | Zot:5    | Noticed a Killer Klown
 77020 | Zot:5    | Killed a Killer Klown
 77032 | Zot:5    | Noticed an orb of fire
 77035 | Zot:5    | Gained mutation: You are clumsy. (Dex -2) [an orb of fire]
 77040 | Zot:5    | Gained mutation: Your body often deteriorates upon taking
                  | damage. [an orb of fire]
 77048 | Zot:5    | Gained mutation: You are very clumsy. (Dex -4) [an orb of
                  | fire]
 77055 | Zot:5    | Killed an orb of fire
 77111 | Zot:5    | Noticed a dread lich
 77120 | Zot:5    | Killed a dread lich
 77136 | Zot:5    | Noticed a Killer Klown
 77139 | Zot:5    | a Killer Klown changed into an acid blob
 77197 | Zot:5    | Noticed a Killer Klown
 77217 | Zot:5    | Noticed an orb of fire
 77230 | Zot:5    | Gained mutation: You occasionally lose the ability to read
                  | scrolls when taking damage. [an orb of fire]
 77235 | Zot:5    | Killed an orb of fire
 77267 | Zot:5    | Killed a Killer Klown
 77475 | Zot:5    | Noticed a Killer Klown
 77501 | Zot:5    | Killed a Killer Klown
 77637 | Zot:5    | Noticed a Killer Klown
 77672 | Zot:5    | Killed a Killer Klown
 77825 | Zot:5    | Got the Orb of Zot
 77956 | Zot:1    | Noticed Guttogack the pandemonium lord
 78195 | D:12     | Noticed Awucs the pandemonium lord
 78495 | D:$      | Escaped with the Orb!

Illustrated notes

Levels and vault maps discovered:
D:1:      erik_arrival_triangle_small, layout_basic, minmay_small_reverse_x
D:2:      kennysheep_the_goblin_king, layout_basic,
          shapermc_ecumenical_altar_flowoftime
D:3:      layout_basic, lightli_sewer_entry_pipes,
          nicolae_concentric_dashed_squares_mild
D:4:      layout_cave_pools
D:5:      layout_basic, nicolae_tso_swordbearing_angel, serial_shops, shop,
          nicolae_shop_stone, nicolae_take_the_stairs, nicolae_stop_n_shop_1,
          shop_coins
D:6:      layout_rooms, lemuel_tele_altar, serial_co_window_serial,
          co_window_corner_a, co_window_of_opportunity_a,
          co_window_of_opportunity_a, co_window_paths_a, co_window_paths_a,
          co_window_corner_b, co_window_cross_2, co_window_unsneaky_path_c,
          co_window_corner_cb, co_window_unsneaky_path_b,
          co_window_of_opportunity_b, glass_columns_b, glass_columns_c,
          glass_columns_c, glass_columns_c, hangedman_abyss_or_decor_stagger
D:7:      lemuel_ice_spiral_2, layout_rooms, minmay_temple_entry_large_hall,
          kennysheep_dice, uniq_pikel, uniq_maggie
D:8:      layout_basic, nicolae_ru_awakened_eye, mainiacjoe_overflow_paths,
          nicolae_good_shop, uniq_grum
D:9:      layout_roguey [special_room_orc], minmay_lair_entry_grove,
          minivault_16, kennysheep_generic_room_14, uniq_maurice, uniq_erolcha
D:10:     layout_irregular_city, lemuel_doored_altar, orc_0_dummy,
          minmay_circle_x
D:11:     layout_loops_ring, uniq_gastronok
D:12:     layout_layer_cave, serial_shops, nicolae_stop_n_shop_1, drop_trap
D:13:     layout_loops_ring, erik_vaults_1
D:14:     layout_loops_ring, serial_shops, shop, nicolae_shop_window_shopping,
          shop, elyvilon_altar_3, uniq_roxanne, uniq_rupert
D:15:     grunt_enter_depths_snipers, layout_loops_ring, eino_curves_02
Lair:1:   layout_loops_ring, hibernation_bobbens
Lair:2:   layout_roguey, minmay_swamp_entry_worms
Lair:3:   layout_chaotic_city, spider_nest_entry_a, grunt_megastairs_5
Lair:4:   layout_regular_city, nzn_ghost_randoct, lemuel_fruit_tree,
          serial_bayou_shore_b, infiniplex_staircase_pool_2, uniq_urug
Lair:5:   due_jungle_book, layout_regular_city, slime_entry_2,
          nicolae_lair_yak_garden, grunt_megastairs_1
Swamp:1:  layout_falls_marsh, serial_swamp_ruin, evilmike_swamp_ruin_house_5,
          evilmike_swamp_ruin_house_1, infiniplex_staircase_pool, uniq_mlioglotl
Swamp:2:  gammafunk_sealed_arena, layout_falls_marsh, evilmike_swamp_ruin_wall,
          uniq_frances, uniq_kirke, uniq_louise
Swamp:3:  nzn_winding_woodlands_cross [nzn_winding_woodlands_5x15_garden,
          nzn_winding_woodlands_5x15_sawtooth,
          nzn_winding_woodlands_5x15_split_checker,
          nzn_winding_woodlands_5x15_cabin,
          nzn_winding_woodlands_15x15_boxy_spiral], layout_basic_swamp,
          nicolae_swamp_well_well_well
Swamp:4:  swamp, layout_basic_swamp
Spider:1: layout_cave_pods, guppyfry_hornet_nest
Spider:2: layout_chambers, uniq_donald, uniq_aizul
Spider:3: nicolae_spider_hilbert_zone_2 [nicolae_spider_hilbert_4_sides_1_open,
          nicolae_spider_hilbert_4_sides_1_open,
          nicolae_spider_hilbert_4_sides_1_open,
          nicolae_spider_hilbert_4_sides_1_open,
          nicolae_spider_hilbert_6_sides_1_open,
          nicolae_spider_hilbert_6_sides_1_open,
          nicolae_spider_hilbert_3_sides_1_open,
          nicolae_spider_hilbert_3_sides_1_open,
          nicolae_spider_hilbert_3_sides_1_open,
          nicolae_spider_hilbert_3_sides_1_open,
          nicolae_spider_hilbert_6_sides_1_open,
          nicolae_spider_hilbert_6_sides_1_open,
          nicolae_spider_hilbert_6_sides_1_open,
          nicolae_spider_hilbert_6_sides_1_open]
Spider:4: spider_rune_water, nicolae_spider_some_kinda_spiderbox
Slime:1:  layout_caves, cheibrodos_slime_lost_civilization_5
Slime:2:  layout_caves
Slime:3:  layout_caves
Slime:4:  layout_caves, nicolae_slime_crime_time
Slime:5:  slime_pit_nicolae_royal_road_to_ruin, uniq_dissolution
Orc:1:    layout_diamond_mine, enter_volcano_3
Orc:2:    st_orc_open, layout_caves, basic_altar,
          gammafunk_ghost_fury_of_okawaru
Elf:1:    minmay_elf_crystal_square, layout_geoelf_diagonals, serial_shops,
          nicolae_shop_tiny_statue_garden, minmay_elf_sorcery
Elf:2:    elven_hall_of_blades_hangedman_original
          [nicolae_blade_entry_pointy_end], layout_loops_cross, serial_shops,
          nicolae_shop_trees, minmay_checkered_concentric_circles
Elf:3:    elf_hall, layout_onion_city, minmay_shop_star
Vaults:1: nicolae_vaults_hexular_roomagon, nicolae_vaults_double_plus_2,
          hangedman_vaults_unwind, nicolae_vaults_loss_of_containment,
          hangedman_vaults_nails, ontoclasm_vaults_spin,
          nicolae_vaults_tetromino_Z_2, nicolae_vaults_variable_pillar_hall,
          vaults_room_corners, nicolae_vaults_cochlea, layout_vaults_omnigrid,
          serial_shops, bzr_entry_islet, uniq_zenata
Vaults:2: grunt_vaults_twisty, minmay_crypt_entry_simple_sparse, v_misc_9,
          nicolae_vaults_windows_and_doors_thing,
          nicolae_vaults_hexular_roomagon, ontoclasm_vaults_claustrophobia,
          nicolae_vaults_tetromino_Z_1, vaults_room_pools,
          vaults_standard_mumra_enter_the_diamond, v_misc_16,
          nicolae_vaults_trapezoid_lopsided_1, vaults_mumra_minichess,
          vaults_room_hallway, nicolae_vaults_swerve, vaults_room_fours,
          nicolae_vaults_layer_cake_slice, layout_vaults_maze_bifur,
          serial_shops, nicolae_shop_waterfront, uniq_margery, uniq_jory
Vaults:3: nicolae_vaults_storage_room_statues, vaults_room_semicircle,
          nicolae_vaults_antechamber_and_loot_room,
          nicolae_vaults_frosty_reception, nicolae_vaults_oval_intersection,
          nicolae_vaults_circle_grid_a, nicolae_vaults_meiosis,
          nicolae_vaults_more_shelving_1, nicolae_vaults_gold_heap,
          nicolae_vaults_closet_pinwheel_1, layout_vaults_chaotic_city,
          serial_shops, shop_statue
Vaults:4: hangedman_vaults_snaps, vaults_standard_mumra_enter_the_diamond,
          vaults_room_grunt_arrival_ludios, nicolae_vaults_surprise_closet,
          nicolae_vaults_layer_cake_slice, v_misc_19, nicolae_vaults_big_ls,
          hangedman_vaults_cutoff, vaults_dpeg_spiral, layout_vaults_omnicross
Vaults:5
Crypt:1:  layout_basic, grunt_crypt_arrival_split, uniq_xtahua
Depths:1: layout_cave_pools, kennysheep_minor_cross, abyss_entry, hell_entry,
          chequers_serial_rivers_micro_d, nicolae_qazlal_general_emergency,
          uniq_mara
Depths:2: hangedman_cross_veins, layout_basic, enter_ziggurat_b, hell_entry,
          abyss_entry, pan_entry, minmay_misc_feat_tower,
          kennysheep_generic_room_2
Depths:3: hourglass_vault, layout_basic, enter_trove_6, abyss_entry_flame_altar,
          grunt_mini_vestibule, infiniplex_staircase_door_maze
Depths:4: grunt_twist_and_shout, layout_honeycomb,
          nicolae_sif_muna_condensation, hell_entry, rand_demon_pan_entry_1,
          nrook_pool_corridor
Zot:1:    layout_gridlike, lemuel_lake_of_fire, grunt_megastairs_2
Zot:2:    ebering_klown_carousel, layout_misc_corridors,
          st_single_dragon_hoard_3, hangedman_elemental_grid_stream,
          uniq_parghit
Zot:3:    layout_basic, nicolae_tricolors
Zot:4:    layout_misc_corridors, zot_minivault_8
Zot:5:    layout_cathedral_of_symmetry, lemuel_baited_zot_trap

Skill      XL: |  1  2  3  4  5  6  7  8  9 10 11 12 13 14 15 16 17 18 19 20 21 22 23 24 25 |
---------------+----------------------------------------------------------------------------+-----
Fighting       | 4 5 6 7 9 10 11 13 15 17 18 20 21 22 23 24 25 | 25.5
Maces & Flails | 4 5 6 7 9 10 11 13 15 17 18 19 | 19.8
Dodging        | 4 5 6 8 9 10 12 14 15 16 18 | 18.3
Invocations    | 10 11 12 | 12.3
Axes           | 3 7 10 13 16 18 20 | 20.3
Armour         | 10 12 13 14 15 16 17 18 19 | 19.8
Shields        | 7 9 11 12 13 14 16 17 18 | 18.2
Evocations     | 5 7 8 9 10 11 12 13 14 | 14.0
Throwing       | 9 13 14 | 14.1
Polearms       | 4 9 10 | 10.7
Ranged Weapons | 2 6 8 |  8.9

Action                     |  1- 3 |  4- 6 |  7- 9 | 10-12 | 13-15 | 16-18 | 19-21 | 22-24 | 25-27 || total
---------------------------+-------+-------+-------+-------+-------+-------+-------+-------+-------++-------
  Melee: Mace              |    69 |   153 |     9 |       |       |       |       |       |       ||   231
         Headbutt          |    10 |    25 |    52 |    73 |   363 |   494 |   598 |   806 |   162 ||  2583
         Whip              |       |       |   160 |       |       |       |       |       |       ||   160
         Morningstar       |       |       |    25 |   296 |  1063 |  1484 |  1274 |       |       ||  4142
         Unarmed           |       |       |       |     8 |       |    18 |       |       |       ||    26
         Trishula          |       |       |       |       |       |    12 |    48 |    51 |       ||   111
         Broad axe         |       |       |       |       |       |       |   310 |  1899 |   417 ||  2626
   Fire: Hand cannon       |       |       |       |       |       |       |    15 |       |       ||    15
  Throw: Javelin           |       |       |       |       |       |       |       |    33 |    65 ||    98
 Invoke: Cleansing Flame   |       |       |       |     1 |     5 |     5 |     5 |     1 |       ||    17
         Summon Divine War |       |       |       |       |     5 |     9 |    11 |     6 |     2 ||    33
         Divine Shield     |       |       |       |       |     4 |     5 |     5 |     4 |     2 ||    20
         Brand Weapon With |       |       |       |       |     1 |       |       |       |       ||     1
  Evoke: Wand              |       |       |       |       |     9 |    22 |     4 |     3 |     4 ||    42
         Lightning rod     |       |       |       |       |       |       |     1 |     1 |       ||     2
         Phantom mirror    |       |       |       |       |       |       |     1 |     1 |       ||     2
    Use: Potion            |       |     1 |       |     5 |     3 |    20 |     4 |     9 |     4 ||    46
         Scroll            |       |       |    14 |    13 |    12 |    18 |    16 |    12 |     3 ||    88
 Armour: Robe              |    26 |   127 |       |       |       |       |       |       |       ||   153
         Leather armour    |       |       |    67 |   142 |   393 |   175 |       |       |       ||   777
         Skin              |       |       |       |     2 |       |    13 |       |       |       ||    15
         Swamp dragon scal |       |       |       |       |       |   653 |   723 |   505 |       ||  1881
         Gold dragon scale |       |       |       |       |       |       |       |   258 |   191 ||   449
  Dodge: Dodged            |    60 |   175 |   125 |   252 |   961 |  1394 |   979 |   525 |    63 ||  4534
  Block: Orb               |    20 |    65 |    34 |    69 |   239 |    78 |       |       |       ||   505
         Reflection        |       |       |     2 |     3 |     5 |     9 |    64 |    16 |     3 ||   102
         Other             |       |       |       |     1 |       |     5 |       |       |       ||     6
         Kite shield       |       |       |       |       |       |   811 |  1481 |  1069 |   207 ||  3568
         Buckler           |       |       |       |       |       |   178 |       |       |       ||   178

Table legend: (Time is in decaauts)
 A = Elapsed time spent in this place.
 B = Non-inter-level travel time spent in this place.
 C = Inter-level travel time spent in this place.
 D = Time resting spent in this place.
 E = Time spent auto-exploring this place.
 F = Levels seen in this place.
 G = Mean time per level.
                   A        B        C        D        E       F      G
               +--------+--------+--------+--------+--------+-----+--------+
         Total |  76986 |  68689 |   8297 |  14166 |  36197 |  56 | 1374.8 |
       Dungeon |  18012 |  15074 |   2938 |   1522 |  10341 |  15 | 1200.8 |
          Lair |   6956 |   5479 |   1477 |    529 |   3535 |   5 | 1391.2 |
         Swamp |   7318 |   6921 |    397 |   2991 |   2571 |   4 | 1829.5 |
   Spider Nest |   7643 |   7211 |    432 |   1533 |   3908 |   4 | 1910.8 |
    Slime Pits |   3491 |   3378 |    113 |    514 |   1546 |   5 |  698.2 |
  Orcish Mines |   3237 |   2969 |    268 |   1282 |    985 |   2 | 1618.5 |
   Elven Halls |   3929 |   3414 |    515 |    467 |   1934 |   3 | 1309.7 |
        Vaults |   8943 |   7886 |   1057 |   1837 |   3701 |   5 | 1788.6 |
         Crypt |   1103 |   1035 |     68 |    100 |    678 |   1 | 1103.0 |
        Depths |   6455 |   5725 |    730 |    414 |   4041 |   4 | 1613.8 |
           Zot |   8226 |   7928 |    298 |   2581 |   2596 |   5 | 1645.2 |
        Bazaar |    368 |    368 |      0 |      0 |    248 |   1 |  368.0 |
         Sewer |    569 |    569 |      0 |    152 |     83 |   1 |  569.0 |
       Volcano |    731 |    731 |      0 |    243 |     27 |   1 |  731.0 |
               +--------+--------+--------+--------+--------+-----+--------+

Top non-repeatable levels by time:
 Swamp:3: 2714 daAuts
Spider:3: 2492 daAuts
   Zot:5: 2471 daAuts
Vaults:1: 2459 daAuts
Vaults:2: 2317 daAuts
   Zot:1: 2275 daAuts
Vaults:4: 2201 daAuts
Spider:4: 2145 daAuts
  Lair:5: 2050 daAuts
Depths:3: 2001 daAuts
Vaults:3: 1963 daAuts
Spider:2: 1944 daAuts
Depths:2: 1879 daAuts
   Orc:2: 1875 daAuts
    D:12: 1846 daAuts
